 Dungeon Crawl Stone Soup version 0.26-a0-652-gafc20e3620 (webtiles) character file.

Game seed: 8409969952997929697

5 Gargoyl the Skirmisher (level 1, -8/23 HPs)
             Began as a Gnoll Abyssal Knight on Oct 2, 2020.
             Was a Follower of Lugonu.
             Mangled by an iron imp (10 damage)
             ... on level 2 of the Abyss.
             The game lasted 00:00:14 (107 turns).

Gargoyl the Skirmisher (Gnoll Abyssal Knight)        Turns: 107, Time: 00:00:14

Health: -8/23      AC:  3    Str: 14    XL:     1   Next: 80%
Magic:  3/3        EV: 12    Int: 14    God:    Lugonu [*.....]
Gold:   0          SH:  0    Dex: 14    Spells: 0/0 levels left

rFire    . . .     SeeInvis .   a - +1 hand axe
rCold    . . .     Faith    .   (no shield)
rNeg     . . .     Spirit   .   b - +0 leather armour
rPois    .         Reflect  .   (no helmet)
rElec    .         Harm     .   (no cloak)
rCorr    .         Rampage  .   (no gloves)
MR       .....                  (no boots)
Stlth    +.........             (no amulet)
HPRegen  0.07/turn              (no ring)
MPRegen  0.08/turn              (no ring)

@: no status effects
A: distributed training, fangs 1, strong nose
a: Depart the Abyss, Renounce Religion


You were on level 2 of the Abyss.
You worshipped Lugonu.
Lugonu was aware of your devotion.
You visited 0 branches of the dungeon, and saw 0 of its levels.
You visited the Abyss 1 time.

Inventory:

Hand Weapons
 a - a +1 hand axe (weapon)
Missiles
 d - 5 atropa-tipped darts (quivered)
Armour
 b - a +0 leather armour (worn)
Scrolls
 c - a scroll of teleportation {unknown}


   Skills:
 + Level 6.4 Fighting
 + Level 0.1 Short Blades
 + Level 0.1 Long Blades
 + Level 4.4 Axes
 + Level 0.1 Maces & Flails
 + Level 0.1 Polearms
 + Level 0.1 Staves
 + Level 0.1 Slings
 + Level 0.1 Bows
 + Level 0.1 Crossbows
 + Level 0.1 Throwing
 + Level 4.4 Armour
 + Level 2.4 Dodging
 + Level 0.1 Stealth
 + Level 0.1 Shields
 + Level 0.1 Unarmed Combat
 + Level 0.1 Spellcasting
 + Level 0.1 Conjurations
 + Level 0.1 Hexes
 + Level 0.1 Summonings
 + Level 0.1 Necromancy
 + Level 0.1 Translocations
 + Level 0.1 Transmutations
 + Level 0.1 Fire Magic
 + Level 0.1 Ice Magic
 + Level 0.1 Air Magic
 + Level 0.1 Earth Magic
 + Level 0.1 Poison Magic
 + Level 4.4 Invocations
 + Level 0.1 Evocations


You couldn't memorise any spells.
You didn't know any spells.
Your spell library was empty.

Dungeon Overview and Level Annotations

Branches:
Dungeon (0/15)

Altars:


Innate Abilities, Weirdness & Mutations

Your experience applies equally to all skills.
You have very sharp teeth.
Your uncanny sense of smell can sniff out nearby items.


Message History

You throw an atropa-tipped dart.
The atropa-tipped dart hits the iron imp.
The iron imp appears confused.
Unknown command.
You hit the iron imp but do no damage. Your bite misses the iron imp.
The iron imp seems less confused.
The iron imp hits you!
* * * LOW HITPOINT WARNING * * *
You catch the helpless iron imp completely off-guard!
You slash the iron imp!
The iron imp is heavily wounded.
The iron imp barely misses you.
You completely miss the iron imp.
You bite the iron imp, but do no damage.
The iron imp is heavily wounded.
The iron imp barely misses you.
You strike the helpless iron imp from behind!
You hit the iron imp but do no damage.
The iron imp is heavily wounded.
The iron imp is no longer blind.
The iron imp hits you!
You die...

....#... .. .... .
..........##.. . .
...........##. #.... #
..#.#. ..... ......
##......... ... . . #
##.#...#...##... .. #.
# ##...#...# .#≈.....
. # #
..#...#.#......... .
.. #.#.#.#@5#.. ≈. . .
#.#....###.....#.# ..
..
#...##..###.....#≈....
. # ..
..#......#...#..## .
.# # . .. ### ##
.#.##≈.≈ # .## . ###
.. ...#.##≈ # ..# .#
#♣ # ###≈≈ . ≈


You could see an iron imp.

Vanquished Creatures
  An ufetubus (Abyss:2)
1 creature vanquished.

Notes
Turn   | Place    | Note
-------+----------+-------------------------------------------
     0 | Abyss:1  | Gargoyl the Gnoll Abyssal Knight began the quest for the
                  | Orb.
     0 | Abyss:1  | Reached XP level 1. HP: 23/23 MP: 3/3
    49 | Abyss:1  | Noticed a starcursed mass
    53 | Abyss:2  | Found a corrupted altar of Lugonu.
    96 | Abyss:2  | Noticed an iron imp
   107 | Abyss:2  | Mangled by an iron imp

Illustrated notes

Levels and vault maps discovered:
Abyss:2

Action                   || total
-------------------------++-------
Melee: Hand axe          ||     9
       Bite              ||     1
Throw: Dart              ||     1
 Stab: Invisible         ||     2
Armor: Leather armour    ||     2
Dodge: Dodged            ||    11

Table legend: (Time is in decaauts)
 A = Elapsed time spent in this place.
 B = Non-inter-level travel time spent in this place.
 C = Inter-level travel time spent in this place.
 D = Time resting spent in this place.
 E = Time spent auto-exploring this place.
 F = Levels seen in this place.
 G = Mean time per level.
                   A        B        C        D        E       F      G
               +--------+--------+--------+--------+--------+-----+--------+
         Total |    107 |    107 |      0 |      0 |     76 |   2 |   53.5 |
         Abyss |    107 |    107 |      0 |      0 |     76 |   2 |   53.5 |
               +--------+--------+--------+--------+--------+-----+--------+

Top non-repeatable levels by time:
 Abyss:2: 54 daAuts
 Abyss:1: 53 daAuts
